AoeStats
← holo

African Clearing

504783655Analyzed
2v2 RM · 26d ago on Sep 6, 2026· 54m 58s· 4 players
Game mode
Random Map
Map size
Medium (4 player)
Population
200
Speed
Normal
Resources
Standard
Victory
Conquest
Starting age
Dark Age
Ending age
Imperial Age
RankedLock teamsTeams togetherTeam positionsShared explorationLock speedFull tech treeHidden civsTurbo modeCheats
Victory
Defeat
🇮🇳 Khmer · India
768
+18
🇨🇴 Vietnamese · Colombia
742
+19
🇨🇳 Mongols · China
825
-20
🇧🇷 Persians · Brazil
780
-17
Tompzera
13:10 Feudal Age
14:25 Wheelbarrow
14:16 Town Watch
16:13 Double-Bit Axe
19:00 Horse Collar
20:31 Loom
25:23 Castle Age
24:56 Bloodlines
25:24 Stone Mining
27:47 Loom
33:25 Padded Archer Armor
33:40 Forging
38:19 Hand Cart
39:05 Heavy Plow
43:57 Imperial Age
45:25 Elite Skirmisher
50:18 Pikeman
50:47 Gambesons
53:23 Halberdier
54:37 Husbandry
54:18 Crossbowman
holo
4:44 Loom
14:23 Feudal Age
17:54 Bloodlines
19:09 Fletching
25:58 Castle Age
27:28 Thumb Ring
29:02 Husbandry
33:10 Bodkin Arrow
36:28 Padded Archer Armor
37:21 Gold Mining
45:30 Imperial Age
44:41 Ballistics
45:06 Wheelbarrow
45:44 Horse Collar
46:42 Conscription
47:25 Chemistry
46:58 Leather Archer Armor
46:47 Bracer
47:40 Leather Archer Armor
52:25 Murder Holes
53:29 Double-Bit Axe
53:32 Elite Skirmisher
54:39 Parthian Tactics
ElLorenzuwu
5:00 Loom
13:33 Feudal Age
13:59 Double-Bit Axe
14:19 Horse Collar
21:21 Padded Archer Armor
21:12 Fletching
25:37 Castle Age
26:02 Scale Mail Armor
26:42 Wheelbarrow
25:57 Elite Skirmisher
26:21 Elite Skirmisher
27:28 Thumb Ring
28:16 Bodkin Arrow
29:05 Leather Archer Armor
31:33 Stone Mining
31:34 Gold Mining
33:25 Scale Barding Armor
33:31 Forging
34:16 Pikeman
36:18 Chain Barding Armor
36:52 Husbandry
37:10 Bloodlines
39:25 Bow Saw
39:17 Heavy Plow
43:02 Imperial Age
43:09 Hand Cart
42:39 Town Watch
43:18 Murder Holes
44:10 Chatras
45:34 Plate Barding Armor
45:48 Bracer
46:24 Ring Archer Armor
47:09 Chemistry
47:00 Imperial Skirmisher
49:32 Elite Battle Elephant
51:42 Iron Casting
53:34 Two-Man Saw
53:05 Squires
54:26 Ballistics
54:12 Siege Engineers
53:47 Elite Fire Lancer
54:32 Squires
55:26 Chain Mail Armor
pussy noodles
18:57 Feudal Age
19:48 Double-Bit Axe
20:00 Loom
20:52 Wheelbarrow
20:02 Town Watch
22:09 Bloodlines
25:38 Castle Age
25:03 Horse Collar
25:42 Light Cavalry
26:31 Scale Barding Armor
29:06 Hand Cart
29:03 Town Patrol
29:54 Husbandry
30:40 Bow Saw
39:08 Chain Barding Armor
41:42 Ballistics
44:48 Imperial Age
45:04 Heavy Plow
45:31 Murder Holes
45:46 Masonry
46:54 Conscription
48:59 Chemistry
48:11 Fortified Wall
48:06 Hussar
50:39 Plate Barding Armor
51:13 Double Crossbow
52:09 Architecture
52:48 Elite Ballista Elephant
Connection lost

Rejoining the realm…

Still unreachable

The connection could not be restored.

Session expired

The server has moved on; the page needs a fresh start.